 Dungeon Crawl Stone Soup version 0.29-a0-598-gd8304a5bf4 (webtiles) character file.

Game seed: 10005384023688743096

41 IdlyInterested the Ducker (level 3, 0/27 HPs)
             Began as a Demonspawn Gladiator on June 15, 2022.
             Slain by a quokka (4 damage)
             ... on level 2 of the Dungeon.
             The game lasted 00:02:48 (1485 turns).

IdlyInterested the Ducker (Demonspawn Gladiator)    Turns: 1485, Time: 00:02:48

Health: 0/27       AC:  9    Str: 14    XL:     3   Next: 32%
Magic:  3/3        EV:  7    Int:  9    God:
Gold:   34         SH:  0    Dex: 16    Spells: 2/2 levels left

rFire   . . .      SeeInvis .   a - +0 trident
rCold   . . .      Faith    .   (no shield)
rNeg    . . .      Spirit   .   h - +0 chain mail
rPois   .          Reflect  .   c - +0 helmet
rElec   .          Harm     .   (no cloak)
rCorr   .          Rampage  .   (no gloves)
Will    .....                   (no boots)
Stlth   ..........              (no amulet)
HPRegen 0.09/turn               (no ring)
MPRegen 0.08/turn               (no ring)

@: no status effects
A: spiny 1
a: no special abilities


You were on level 2 of the Dungeon.
You visited 1 branch of the dungeon, and saw 2 of its levels.

You collected 82 gold pieces.
You spent 48 gold pieces at shops.

Inventory:

Hand Weapons
 a - a +0 trident (weapon)
Missiles
 d - 3 throwing nets
 e - a javelin
 g - 3 poisoned darts (quivered)
Armour
 b - a +0 leather armour
 c - a +0 helmet (worn)
 h - a +0 chain mail (worn)
 l - a +0 ring mail
Jewellery
 m - a ring of ice
Scrolls
 k - a scroll of vulnerability {unknown}
Potions
 f - a potion of cancellation {unknown}
 i - a potion of degeneration {unknown}
 j - a potion of brilliance
 n - a potion of flight {unknown}


   Skills:
 - Level 2.0 Fighting
 * Level 3.2 Polearms
 - Level 1.7 Throwing
 * Level 3.3 Dodging
 + Level 1.1 Stealth


You had 2 spell levels left.
You didn't know any spells.
Your spell library contained the following spells:

 Spells                   Type           Power      Damage    Failure   Level
 Stone Arrow              Conj/Erth      0%         3d7       100%        3
 Animate Armour           Summ/Erth      0%         N/A       100%        4
 Lehudib's Crystal Spear  Conj/Erth      0%         10d2      100%        8


Dungeon Overview and Level Annotations

Branches:
Dungeon (2/15)

Altars:

Shops:
D:1 !


Innate Abilities, Weirdness & Mutations

You are partially covered in sharp spines.


Message History

Reach: a) +0 trident
Press: ? - help, Dir - move target, f/p - frilled lizard
Aim: a frilled lizard (poisoned, about 58% to evade your +0 trident)
You reach to attack!
You closely miss the frilled lizard. You miss the frilled lizard.
The frilled lizard is struck by your spines.
You kill the frilled lizard!
You start resting.
A kobold comes into view. It is wielding a +0 club.
Throw: 4 darts (poison)
Press: ? - help, Q - select action, (/) - cycle Shift-Dir - straight line, f - kobold
Aim: a kobold, wielding a +0 club (wandering, hasn't noticed you, 53% to hit)
You throw a poisoned dart.
The poisoned dart barely misses the kobold.
The kobold shouts!
Reach: a) +0 trident
Press: ? - help, Dir - move target, f/p - kobold
Aim: a kobold, wielding a +0 club (about 47% to evade your +0 trident)
Okay, then.
Reach: a) +0 trident
Press: ? - help, Dir - move target, f/p - kobold
Aim: a kobold, wielding a +0 club (about 47% to evade your +0 trident)
You reach to attack!
You hit the kobold but do no damage.
A quokka comes into view.
You closely miss the kobold. The kobold hits you but does no damage.
The kobold barely misses you.
You miss the kobold. The kobold hits you but does no damage.
You hit the kobold.
The kobold is severely wounded.
The kobold is struck by your spines.
You kill the kobold!
Reach: a) +0 trident
Press: ? - help, Dir - move target, f - quokka
Aim: a quokka (about 50% to evade your +0 trident)
You reach to attack!
You hit the quokka.
The quokka is moderately wounded.
You miss the quokka.
The quokka is moderately wounded.
The quokka barely misses you. The quokka bites you.
You die...

...... ..... ### .... #..
.... #.# ### ... #.# #.. ..#
#<# #.#####.# #######.# #
#..)@r).# #..>....#
##.###(#####(# #.......#
#.#...........(#####.###...#
.........##..†.......# #...#
.####..#....##.#####.###..##
##w##......# #......# #.
#.###### #......# gw #.#
######## .g #.#


You could see a quokka.

Vanquished Creatures
  A gnoll (D:2)
  A worm (D:2)
  An endoplasm (D:1)
  2 goblins (D:1)
  4 hobgoblins
  3 jackals (D:1)
  3 quokkas (D:1)
  2 bats (D:1)
  3 frilled lizards
  4 kobolds
  2 rats (D:1)
26 creatures vanquished.

Notes
Turn   | Place    | Note
-------+----------+-------------------------------------------
     0 | D:1      | IdlyInterested the Demonspawn Gladiator began the quest for
                  | the Orb.
     0 | D:1      | Reached XP level 1. HP: 16/16 MP: 1/1
    35 | D:1      | Found a faded altar of an unknown god.
   192 | D:1      | Gained mutation: You are partially covered in sharp spines.
                  | [demonic ancestry]
   192 | D:1      | Reached XP level 2. HP: 9/22 MP: 2/2
   558 | D:1      | Found Totonloll's Distillery.
  1381 | D:1      | Bought a potion of brilliance for 48 gold pieces
  1452 | D:2      | Reached skill level 1 in Stealth
  1452 | D:2      | Reached XP level 3. HP: 13/27 MP: 3/3
  1457 | D:2      | HP: 1/27 [gnoll/+0 flail (6)]
  1485 | D:2      | Slain by a quokka

Illustrated notes

Levels and vault maps discovered:
D:1:      ebering_hopf_link, layout_basic, hellmonk_ecumenical_altar_run_dry,
          serial_shops, nicolae_shop_crystal
D:2:      layout_loops_cross, minmay_misc_feat_diagonals, serial_bayou_pond_e,
          minmay_close_crescents

Skill      XL: |  1  2 |
---------------+-------+-----
Polearms       | 3 |  3.2
Dodging        | 3 |  3.3
Stealth        | 1 |  1.1
Fighting       | |  2.0
Throwing       | |  1.7

Action                   || total
-------------------------++-------
Melee: Trident           ||    72
Throw: Dart              ||     2
  Use: Scroll            ||     3
Armor: Chain mail        ||    34
       Leather armour    ||     4
Dodge: Dodged            ||    16

Table legend: (Time is in decaauts)
 A = Elapsed time spent in this place.
 B = Non-inter-level travel time spent in this place.
 C = Inter-level travel time spent in this place.
 D = Time resting spent in this place.
 E = Time spent auto-exploring this place.
 F = Levels seen in this place.
 G = Mean time per level.
                   A        B        C        D        E       F      G
               +--------+--------+--------+--------+--------+-----+--------+
         Total |   1495 |   1452 |     43 |    375 |    823 |   2 |  747.5 |
       Dungeon |   1495 |   1452 |     43 |    375 |    823 |   2 |  747.5 |
               +--------+--------+--------+--------+--------+-----+--------+

Top non-repeatable levels by time:
     D:1: 1408 daAuts
     D:2: 87 daAuts
